 Dungeon Crawl Stone Soup version 0.21.1-1-g345015f (webtiles) character file.

9 theblackcape the Magician (level 2, -1/20 HPs)
             Began as a Gnoll Wanderer on June 21, 2018.
             Slain by a kobold (4 damage)
             ... on level 1 of the Dungeon.
             The game lasted 00:02:50 (719 turns).

theblackcape the Magician (Gnoll Wanderer)           Turns: 719, Time: 00:02:51

Health: -1/20      AC:  2    Str: 14    XL:     2   Next: 16%
Magic:  10/10      EV: 11    Int: 16    God:
Gold:   38         SH:  0    Dex: 12    Spells: 14/15 levels left

rFire    . . .     SeeInvis .   l - +0 short sword
rCold    . . .     Gourm    .   (no shield)
rNeg     . . .     Faith    .   d - +0 robe
rPois    .         Spirit   .   (no helmet)
rElec    .         Reflect  .   (no cloak)
rCorr    .         Harm     .   (no gloves)
MR       .....                  (no boots)
Stlth    +.........             (no amulet)
HPRegen  0.06/turn              (no ring)
MPRegen  0.12/turn              (no ring)

@: no status effects
A: distributed training, fangs 1, strong nose
a: no special abilities


You were on level 1 of the Dungeon.
You were not hungry.

You visited 1 branch of the dungeon, and saw 1 of its levels.

You collected 38 gold pieces.

Inventory:

Hand Weapons
 l - a +0 short sword (weapon)
Missiles
 g - 4 exploding tomahawks (quivered)
 i - 48 stones
Armour
 d - a +0 robe (worn)
Potions
 j - a potion of curing {unknown}
 k - a potion of haste {unknown}
Books
 b - Sif Muna's Catalogue of Transmigration

   Spells                             Type                      Level
   a - Beastly Appendage              Transmutation                1
   b - Spider Form                    Transmutation/Poison         3
 c - the Disquisition on Darkness

   Spells                             Type                      Level
   a - Corpse Rot                     Necromancy                   2
   b - Sublimation of Blood           Necromancy                   2
Miscellaneous
 a - a box of beasts
Comestibles
 f - a ration
 h - a chunk of flesh


   Skills:
 + Level 0.3 Fighting
 + Level 0.3 Short Blades
 + Level 0.3 Long Blades
 + Level 0.3 Axes
 + Level 0.3 Maces & Flails
 + Level 0.3 Polearms
 + Level 0.3 Staves
 + Level 0.3 Slings
 + Level 0.3 Bows
 + Level 0.3 Crossbows
 + Level 0.3 Throwing
 + Level 0.3 Armour
 + Level 0.3 Dodging
 + Level 0.3 Stealth
 + Level 0.3 Shields
 + Level 0.3 Unarmed Combat
 + Level 7.1 Spellcasting
 + Level 0.2 Conjurations
 + Level 0.2 Hexes
 + Level 0.2 Charms
 + Level 3.7 Summonings
 + Level 3.7 Necromancy
 + Level 0.2 Translocations
 + Level 0.2 Transmutations
 + Level 0.2 Fire Magic
 + Level 0.2 Ice Magic
 + Level 0.2 Air Magic
 + Level 0.2 Earth Magic
 + Level 2.0 Poison Magic
 + Level 0.4 Invocations
 + Level 4.4 Evocations


You had 14 spell levels left.
You knew the following spells:

 Your Spells              Type           Power        Failure   Level  Hunger
a - Beastly Appendage     Tmut           #.....       11%         1    None


Dungeon Overview and Level Annotations

Branches:
Dungeon (1/15)

Altars:


Innate Abilities, Weirdness & Mutations

Your experience applies equally to all skills.
You have very sharp teeth.
Your uncanny sense of smell can sniff out nearby items.


Message History

You are too injured to fight recklessly!
You are too injured to fight recklessly!
You are too injured to fight recklessly!
You are too injured to fight recklessly!
You are too injured to fight recklessly!
You are too injured to fight recklessly!
You are too injured to fight recklessly!
You are too injured to fight recklessly!
You are too injured to fight recklessly!
You are too injured to fight recklessly!
You are too injured to fight recklessly!
You are too injured to fight recklessly!
You are too injured to fight recklessly!
You hit the kobold but do no damage. The kobold hits you.
You hit the kobold but do no damage. The kobold hits you.
* * * LOW HITPOINT WARNING * * *
You hit the kobold but do no damage. The kobold hits you.
* * * LOW HITPOINT WARNING * * *
You barely miss the kobold. The kobold hits you.
You die...

...# .#$...# #
....#.##.....# # ##
#..#.#.#.......## ##.
#..##.#.....##..######..
....##..................
........!....#.........
............# #.###....
$.##.......# #.##.#..
#.#@....## ##.#.##.
#.#K#....## ##>...###
#K##.....###..#### #
..##.#.....#...#
.....#.#...#.#..#
.....$..##...###....# #
..........#..# ##.#.# ##
.............# #.#.# #.
.#######.# #..#. ##


You could see 2 kobolds.

Vanquished Creatures
  A leopard gecko (D:1)
  2 goblins (D:1)
  2 jackals (D:1)
  A bat (D:1)
  2 kobolds (D:1)
8 creatures vanquished.

Notes
Turn   | Place    | Note
-------+----------+-------------------------------------------
     0 | D:1      | theblackcape the Gnoll Wanderer began the quest for the Orb.
     0 | D:1      | theblackcape set off with: a box of beasts, Sif Muna's Catalogue of Transmigration, the Disquisition on Darkness, a +0 robe, a +0 club, a ration
     0 | D:1      | Reached XP level 1. HP: 13/13 MP: 8/8
     0 | D:1      | Identified Sif Muna's Catalogue of Transmigration
     0 | D:1      | Identified the Disquisition on Darkness
     2 | D:1      | Learned a level 1 spell: Beastly Appendage
   234 | D:1      | Reached XP level 2. HP: 3/19 MP: 8/10
   719 | D:1      | Slain by a kobold

Skill      XL: |  1 |
---------------+----+-----
Poison Magic   | 2 |  2.0
Fighting       | |  0.3
Short Blades   | |  0.3
Long Blades    | |  0.3
Axes           | |  0.3
Maces & Flails | |  0.3
Polearms       | |  0.3
Staves         | |  0.3
Slings         | |  0.3
Bows           | |  0.3
Crossbows      | |  0.3
Throwing       | |  0.3
Armour         | |  0.3
Dodging        | |  0.3
Stealth        | |  0.3
Shields        | |  0.3
Unarmed Combat | |  0.3
Spellcasting   | |  7.1
Conjurations   | |  0.2
Hexes          | |  0.2
Charms         | |  0.2
Summonings     | |  3.7
Necromancy     | |  3.7
Translocations | |  0.2
Transmutations | |  0.2
Fire Magic     | |  0.2
Ice Magic      | |  0.2
Air Magic      | |  0.2
Earth Magic    | |  0.2
Invocations    | |  0.4
Evocations     | |  4.4

Action                   || total
-------------------------++-------
Melee: Club              ||    30
       Bite              ||     3
       Short sword       ||    14
       Kick              ||     1
 Cast: Beastly Appendage ||     5
Armor: Robe              ||    11
Dodge: Dodged            ||    29
